 Dungeon Crawl Stone Soup version 0.20.1-1-g8b1a95d66d (webtiles) character file.

165 Hvezdomuz the Sneak (level 5, -3/39 HPs)
             Began as a Draconian Enchanter on Dec 2, 2017.
             Slain by a river rat (8 damage)
             ... in a sewer.
             The game lasted 00:18:45 (3439 turns).

Hvezdomuz the Sneak (Draconian Enchanter)           Turns: 3439, Time: 00:18:46

Health: -3/39      AC:  5    Str:  9 (10) XL:     5   Next: 21%
Magic:  3/9        EV: 12    Int: 15 (16) God:
Gold:   91         SH:  0    Dex: 11 (12) Spells: 3/9 levels left

rFire    . . .     SeeInvis .   a - +1 dagger
rCold    . . .     Gourm    .   (no shield)
rNeg     . . .     Faith    .   (armour unavailable)
rPois    .         Spirit   .   (helmet restricted)
rElec    .         Reflect  .   (no cloak)
rCorr    .         Harm     .   (no gloves)
MR       .....                  (no boots)
Stlth    ++........             (no amulet)
Regen    0.2/turn               (no ring)
MPRegen  0.2/turn               (no ring)

@: flying, hasted, very quick
A: unfitting armour, cold-blooded, AC +5
a: no special abilities


You were in a sewer.
You were not hungry.

You visited 1 branch of the dungeon, and saw 3 of its levels.
You also visited: Sewer.

You collected 91 gold pieces.

Inventory:

Hand Weapons
 a - a +1 dagger (weapon)
 d - a +0 spear of freezing
Missiles
 e - 24 poisoned needles (quivered)
Scrolls
 f - 2 scrolls of recharging {unknown}
 g - 3 scrolls of magic mapping {unknown}
 h - 3 scrolls of teleportation {unknown}
 j - 2 scrolls of identify {unknown}
 k - 2 scrolls of remove curse {unknown}
 r - 2 scrolls of fear {unknown}
Potions
 i - a potion of magic
Books
 b - a book of Maledictions

   Spells                             Type                      Level
   a - Corona                         Hexes                        1
   b - Ensorcelled Hibernation        Hexes/Ice                    2
   c - Confuse                        Hexes                        3
   d - Tukima's Dance                 Hexes                        3
   e - Dazzling Spray                 Conjuration/Hexes            3
Comestibles
 c - 2 bread rations
 l - a royal jelly


   Skills:
 + Level 0.4 Fighting
 + Level 2.6 Short Blades
 + Level 2.4 Dodging
 + Level 3.4 Stealth
 + Level 2.8 Spellcasting
 + Level 3.3 Hexes
 + Level 0.2 Ice Magic


You had 3 spell levels left.
You knew the following spells:

 Your Spells              Type           Power        Failure   Level  Hunger
a - Corona                Hex            ##.....      5%          1    #......
b - Ensorcelled Hibernat  Hex/Ice        #.....       16%         2    ##.....
c - Tukima's Dance        Hex            ##......     16%         3    ###....


Dungeon Overview and Level Annotations

Branches:
Dungeon (3/15)

Altars:
Dithmenos


Innate Abilities, Weirdness & Mutations

Your plain brown scales are hard. (AC +5)
You cannot fit into any form of body armour.
You are cold-blooded and may be slowed by cold attacks.


Message History

You hear a splash.
Tossing away (i - inventory):
e - 26 poisoned needles (quivered)
Press: ? - help, Shift-Dir - straight line, f/p - river rat
Aim: a river rat (almost dead)
You toss away a poisoned needle.
The poisoned needle barely misses the river rat.
You hear a splash.
Tossing away (i - inventory):
e - 25 poisoned needles (quivered)
Press: ? - help, Shift-Dir - straight line, f/p - river rat
Aim: a river rat (almost dead)
You toss away a poisoned needle.
The poisoned needle closely misses the river rat.
You hear a splash.
You hit the river rat.
The river rat is almost dead.
You closely miss the river rat.
You tail-slap the river rat, but do no damage.
The river rat is almost dead.
The river rat bites you!
You die...

≈.#####
#≈≈≈≈≈#######
#≈≈.≈..≈## #######
#...≈..≈≈#
#.≈≈≈.###≈(..≈.≈.#
#####≈≈(≈≈####..≈.
#@r≈≈(##### ##≈≈≈
####### ##≈. #≈≈
#≈≈ #≈≈ #######
##.≈ #.≈≈†≈#####
##..≈
#####≈≈≈≈≈####..≈≈
#.≈≈≈≈###≈≈≈..≈≈.#


You could see a river rat.

Vanquished Creatures
  5 adders
  3 river rats (Sewer)
  4 oozes
  4 worms
  2 dart slugs
  A leopard gecko (D:3)
  7 ball pythons
  7 bats
  4 giant cockroaches (D:1)
  A goblin (D:3)
  2 hobgoblins (D:3)
  3 jackals (D:2)
  A quokka (D:3)
  4 frilled lizards
  11 kobolds
  7 rats
66 creatures vanquished.

Notes
Turn   | Place    | Note
-------+----------+-------------------------------------------
     0 | D:1      | Hvezdomuz the Draconian Enchanter began the quest for the Orb.
     0 | D:1      | Reached XP level 1. HP: 14/14 MP: 3/3
   142 | D:1      | Reached XP level 2. HP: 12/20 MP: 1/5
   146 | D:1      | Learned a level 2 spell: Ensorcelled Hibernation
   787 | D:2      | Reached XP level 3. HP: 19/26 MP: 4/6
  1565 | D:2      | Found a shadowy altar of Dithmenos.
  1596 | D:2      | Reached XP level 4. HP: 33/33 MP: 7/7
  1605 | D:2      | Learned a level 3 spell: Tukima's Dance
  2222 | D:3      | Found a glowing drain.
  2309 | D:3      | Noticed a bullfrog
  2320 | Sewer    | Entered a sewer
  3126 | Sewer    | Reached XP level 5. HP: 39/39 MP: 6/9
  3439 | Sewer    | Slain by a river rat

Skill      XL: |  1  2  3  4 |
---------------+-------------+-----
Dodging        | 2 |  2.4
Hexes          | 3 |  3.3
Stealth        | 3 |  3.4
Short Blades   | 2 |  2.6
Fighting       | |  0.4
Spellcasting   | |  2.8
Ice Magic      | |  0.2

Action                   |  1- 3 |  4- 6 || total
-------------------------+-------+-------++-------
Melee: Dagger            |   117 |   179 ||   296
       Tailslap          |    10 |    21 ||    31
 Cast: Corona            |    19 |    30 ||    49
       Ensorcelled Hiber |       |    16 ||    16
  Use: Potion            |       |     8 ||     8
 Stab: Sleeping          |     3 |     9 ||    12
  Eat: Chunk             |     2 |     1 ||     3
       Meat ration       |       |     1 ||     1
       Bread ration      |       |     1 ||     1
Armor: Skin              |    43 |    44 ||    87
Dodge: Dodged            |    94 |   112 ||   206
